 Dungeon Crawl Stone Soup version 0.31.0-32-g396128a36d (webtiles) character file.

Game seed: 11065555841951925754

60 KittyFluff the Ruffian (level 3, -5/33 HPs)
             Began as a Troll Shapeshifter on Apr 2, 2024.
             Killed from afar by an orc wizard (8 damage)
             ... with a magic dart
             ... on level 3 of the Dungeon.
             The game lasted 00:05:01 (1229 turns).

KittyFluff the Ruffian (Troll Shapeshifter)         Turns: 1229, Time: 00:05:01

Health: -5/33      AC:  4    Str: 24    XL:     3   Next: 82%
Magic:  2/2        EV: 10    Int:  6    God:
Gold:   137        SH:  0    Dex:  9    Spells: 2/2 levels left

rFire   . .          .
                       - Unarmed
rCold   . . .        (no shield)
rNeg    . . .        a - +0 animal skin
rPois   .            (helmet currently unavailable)
rElec   .            (cloak currently unavailable)
rCorr   .            (gloves unavailable)
SInv    .            (boots unavailable)
Will    .....        (no amulet)
Stlth   +            (no ring)
HPRegen 1.05/turn    (no ring)
MPRegen 0.08/turn

%: no passive effects
@: beast-form
A: beast (slay +1), large, unfitting armour, claws 3, regeneration 1, shaggy fur
1, tough skin 1
a: Begin Untransformation


You were on level 3 of the Dungeon.
You were a hulking beast.
You visited 1 branch of the dungeon, and saw 3 of its levels.

You collected 137 gold pieces.

Inventory:

Hand Weapons
 e - a +0 whip
Missiles
 f - 6 stones (quivered)
Armour
 a - a +0 animal skin (worn)
Magical Staves
 g - a staff of alchemy
Talismans
 c - a beast talisman
 d - a flux talisman
Scrolls
 h - a scroll of blinking {unknown}
 i - a scroll of butterflies {unknown}
 l - a scroll of fog {unknown}
Potions
 b - a potion of lignification
 j - 2 potions of heal wounds {unknown}
 k - a potion of mutation {unknown}
 m - a potion of curing {unknown}
 n - a potion of degeneration {unknown}


   Skills:
 + Level 1.5 Fighting
 + Level 2.1 Dodging
 + Level 3.5 Unarmed Combat
 + Level 3.4 Shapeshifting


You had 2 spell levels left.
You didn't know any spells.
Your spell library was empty.

Dungeon Overview and Level Annotations

Branches:
Dungeon (3/15)

Altars:


Innate Abilities, Weirdness & Mutations

You are a hulking beast.
Your limbs bulge with bestial killing power. (Slay +1)
You are too large for most types of armour.
You have claws for hands.
Your natural rate of healing is unusually fast.
You are covered in fur. (AC +1)
You have tough skin. (AC +1)


Message History

You miss something.
The orc priest mumbles some strange prayers to Beogh against you.
Beogh smites you! Something hits you but does no damage.
You scratch something.
You hear some strange, mumbled words.
A puff of flame appears from out of thin air!
The puff of flame hits you!
* * * LOW HITPOINT WARNING * * *
You barely miss something. Something hits you.
* * * LOW HITPOINT WARNING * * *
You miss something.
The orc priest looks satisfied for a moment.
You closely miss something. Something hits you but does no damage.
The orc priest looks encouraged for a moment.
You closely miss something. Something hits you.
* * * LOW HITPOINT WARNING * * *
You barely miss something. Something hits you but does no damage.
You scratch something. Something hits you but does no damage.
You miss something. You claw the orc!
You kill the orc!
You hear some strange, mumbled words.
You are confused.
You're too confused to move!
Something hits you.
You're too confused to move!
Something hits you.
You miss something.
You hear some strange, mumbled words.
A puff of flame appears from out of thin air!
The puff of flame hits you!
* * * LOW HITPOINT WARNING * * *
You bump into the rock wall.
You feel less confused. Something hits you.
* * * LOW HITPOINT WARNING * * *
You barely miss something.
The orc priest miscasts a cantrip.
You hear some strange, mumbled words.
A magic dart appears from out of thin air!
The magic dart hits you!
You die...

......#.# ... ......#... ..
......# #.. #. .# ###†### ##
###.#### /..# #<########
......#####...#
#........######..#..........
########.....# #............
#####.####)..........
#..h{oo..........
#######..........
#.......$.. #.....<.$..
......:..[...
....<..?####... o.o.o..## ..
.....### . ..<..


You could see an orc priest and an orc.

Vanquished Creatures
  2 adders (D:2)
  A ribbon worm (D:3)
  An orc (D:3)
  5 endoplasms
  A giant cockroach (D:2)
  3 goblins
  3 hobgoblins
  4 jackals (D:3)
  3 kobolds
  3 quokkas
  3 ball pythons (D:1)
  A frilled lizard (D:1)
  4 rats
34 creatures vanquished.

Notes
Turn   | Place    | Note
-------+----------+-------------------------------------------
     0 | D:1      | KittyFluff the Troll Shapeshifter began the quest for the
                  | Orb.
     0 | D:1      | Reached XP level 1. HP: 18/18 MP: 0/0
    84 | D:1      | Reached skill level 1 in Fighting
   179 | D:1      | Reached XP level 2. HP: 22/27 MP: 1/1
   718 | D:2      | Reached XP level 3. HP: 33/33 MP: 2/2
  1229 | D:3      | Killed from afar by an orc wizard

Illustrated notes

Levels and vault maps discovered:
D:1:      kennysheep_arrival_forest, layout_rooms, minivault_24
D:2:      layout_basic
D:3:      layout_rooms, serial_shops, nicolae_shop_bloodbath_and_beyond, shop,
          nicolae_shop_rolling_square, nicolae_shop_statue_plus, shop

Skill      XL: |  1  2 |
---------------+-------+-----
Fighting       | 1 |  1.5
Dodging        | 2 |  2.1
Unarmed Combat | |  3.5
Shapeshifting  | |  3.4

Action                     || total
---------------------------++-------
  Melee: Unarmed           ||   102
         Punch             ||     1
 Armour: Animal skin       ||    62
  Dodge: Dodged            ||    27
